 Dungeon Crawl Stone Soup version 0.31.0-9-g3a7656b989 (webtiles) character file.

Game seed: 18099686283217437620

63 qw the Shooter (level 3, 0/18 HPs)
             Began as a Spriggan Hunter on Feb 3, 2024.
             Slain by an orc
             ... wielding a +0 whip
              (5 damage)
             ... on level 3 of the Dungeon.
             The game lasted 00:00:08 (1356 turns).

qw the Shooter (Spriggan Hunter)                    Turns: 1356, Time: 00:00:08

Health: 0/18       AC:  2    Str:  7    XL:     3   Next: 89%
Magic:  4/4        EV: 19    Int: 10    God:
Gold:   231        SH:  0    Dex: 20    Spells: 2/2 levels left

rFire   . . .        a - +0 shortbow
rCold   . . .        (shield currently unavailable)
rNeg    . . .        c - +0 robe
rPois   .            (helmet restricted)
rElec   .            (no cloak)
rCorr   .            (gloves unavailable)
SInv    +            (boots unavailable)
Will    .....        (no amulet)
Stlth   ++           (no ring)
HPRegen 0.23/turn    (no ring)
MPRegen 0.09/turn

%: no passive effects
@: about to teleport, very quick
A: very small, no large weapons, unfitting armour, see invisible, speed 3
a: no special abilities


You were on level 3 of the Dungeon.
You visited 1 branch of the dungeon, and saw 3 of its levels.

You collected 231 gold pieces.


Innate Abilities, Weirdness & Mutations

You are very small and have problems with some larger weapons.
You are too small for most types of armour.
You have supernaturally acute eyesight. (SInv)
You cover ground extremely quickly. (Speed+++)


   Skills:
 - Level 1.5 Fighting
 - Level 5.0 Ranged Weapons
 + Level 4.1 Dodging
 - Level 1.5 Stealth


You had 2 spell levels left.
You didn't know any spells.
Your spell library was empty.

Inventory:

Hand Weapons
 a - a +0 shortbow (weapon)
Armour
 c - a +0 robe (worn)
Scrolls
 d - a scroll of identify
Potions
 b - a potion of lignification {unknown}
 f - a potion of enlightenment
 g - a potion of heal wounds
 h - a potion of degeneration {unknown}

Dungeon Overview and Level Annotations

Branches:
Dungeon (3/15)

Altars:


Message History

You shoot an arrow. The arrow hits the orc.
The orc is severely wounded.
You shoot an arrow. The arrow barely misses the orc.
The arrow hits the orc!
The orc is almost dead.
You shoot an arrow. The arrow hits the orc.
You kill the orc!
The orc priest looks encouraged for a moment.
You shoot an arrow. The arrow closely misses the orc.
The orc misses you.
You shoot an arrow.
The arrow hits the orc priest but does no damage.
The orc priest hits you but does no damage.
The orc misses you.
You shoot an arrow. The arrow hits the orc priest!
The orc priest is heavily wounded.
The orc closely misses you.
The orc priest invokes the aid of Beogh against you.
Pain shoots through your body!
You shoot an arrow. The arrow hits the orc.
The orc is almost dead.
The orc closely misses you. x2
You shoot an arrow. The arrow hits the orc.
You kill the orc!
The orc priest hits you with a +0 dagger.
The orc hits you with a +0 club. The orc completely misses you.
The orc priest closely misses you. The orc barely misses you.
You shoot an arrow.
The arrow hits the orc priest but does no damage.
The orc priest is heavily wounded.
The orc hits you but does no damage. The orc hits you with a +0 club.
The orc priest completely misses you.
1355 ||| READING scroll of teleportation.
As you read the scroll of teleportation, it crumbles to dust.
You feel strangely unstable.
The orc closely misses you. x2; The orc priest closely misses you.
You shoot an arrow.
The arrow hits the orc priest but does no damage.
The orc priest is heavily wounded.
The orc hits you with a +0 whip.
You die...

.#...........##.....#.##
##.........#..#.......#
.....<...............##
.................#####
##........#......#
.>...............#######
.......................#
##.........##.....####...
##....##.[##..)@o#
#.......###...oo#
....####.# #...........o
..... #.# #..###....o..
..... .##... .......
...<. #... ......# ....
#... ...!..# ..#. ......#
......#


You could see an orc priest and 2 orcs.

Vanquished Creatures
  2 adders
  3 dart slugs (D:2)
  2 orcs (D:3)
  6 endoplasms
  2 giant cockroaches (D:1)
  4 goblins
  2 hobgoblins
  3 kobolds
  2 quokkas
  2 ball pythons
  3 bats
  3 frilled lizards
  A rat (D:2)
35 creatures vanquished.

Notes
Turn   | Place    | Note
-------+----------+-------------------------------------------
     0 | D:1      | qw the Spriggan Hunter began the quest for the Orb.
     0 | D:1      | Reached XP level 1. HP: 10/10 MP: 2/2
     0 | D:1      | 0 ||| qw: Version: 0.3-a-155-g5e7d8dd
     0 | D:1      | 0 ||| qw: Game counter: 2958
     0 | D:1      | 0 ||| qw: Melee chars always use a shield: true
     0 | D:1      | 0 ||| qw: God list: Okawaru
     0 | D:1      | 0 ||| qw: Allow faded altars: false
     0 | D:1      | 0 ||| qw: Do Orc after clearing Dungeon:15 true
     0 | D:1      | 0 ||| qw: Do second Lair branch before Depths: true
     0 | D:1      | 0 ||| qw: Lair rune preference: random
     0 | D:1      | 0 ||| qw: Goals: Normal
     0 | D:1      | 0 ||| PLANNING D:1-11
   144 | D:1      | Reached skill level 3 in Dodging
   442 | D:1      | Reached XP level 2. HP: 14/14 MP: 3/3
   684 | D:1      | 684 ||| READING scroll labelled SUWUEZX RUGOC.
   684 | D:1      | 684 ||| IDENTIFYING lumpy ruby potion
   685 | D:1      | 685 ||| READING scroll labelled NUIXKE VIELE.
   686 | D:1      | 686 ||| READING scroll labelled FAAFIA NUYR.
   686 | D:1      | 686 ||| ENCHANTING +0 shortbow.
   687 | D:1      | 687 ||| DROPPING scroll of butterflies.
   825 | D:2      | Reached XP level 3. HP: 18/18 MP: 4/4
   826 | D:2      | You fall into a shaft and drop 1 floor!
   836 | D:3      | 836 ||| FLEEEEING.
   837 | D:3      | 837 ||| READING scroll of identify.
   837 | D:3      | 837 ||| IDENTIFYING fuming black potion
   838 | D:3      | 838 ||| READING 3 scrolls labelled OMPICW KOODURU.
   842 | D:3      | 842 ||| Stepping randomly (stuck).
   843 | D:3      | 843 ||| Stepping randomly (stuck).
   844 | D:3      | 844 ||| Stepping randomly (stuck).
   845 | D:3      | 845 ||| Stepping randomly (stuck).
   846 | D:3      | 846 ||| Stepping randomly (stuck).
   847 | D:3      | 847 ||| Stepping randomly (stuck).
   848 | D:3      | 848 ||| Stepping randomly (stuck).
   849 | D:3      | 849 ||| Stepping randomly (stuck).
   850 | D:3      | 850 ||| Stepping randomly (stuck).
   851 | D:3      | 851 ||| Stepping randomly (stuck).
   852 | D:3      | 852 ||| Stepping randomly (stuck).
   853 | D:3      | 853 ||| Stepping randomly (stuck).
   854 | D:3      | 854 ||| Stepping randomly (stuck).
   855 | D:3      | 855 ||| Stepping randomly (stuck).
   856 | D:3      | 856 ||| Stepping randomly (stuck).
   857 | D:3      | 857 ||| Stepping randomly (stuck).
   858 | D:3      | 858 ||| Stepping randomly (stuck).
   859 | D:3      | 859 ||| Stepping randomly (stuck).
   861 | D:3      | 861 ||| Stepping randomly (stuck).
   863 | D:3      | 863 ||| Stepping randomly (stuck).
   864 | D:3      | 864 ||| Stepping randomly (stuck).
   865 | D:3      | 865 ||| Stepping randomly (stuck).
   866 | D:3      | 866 ||| Stepping randomly (stuck).
   867 | D:3      | 867 ||| Stepping randomly (stuck).
   868 | D:3      | 868 ||| Stepping randomly (stuck).
   869 | D:3      | 869 ||| Stepping randomly (stuck).
   870 | D:3      | 870 ||| Stepping randomly (stuck).
   871 | D:3      | 871 ||| Stepping randomly (stuck).
   872 | D:3      | 872 ||| Stepping randomly (stuck).
   873 | D:3      | 873 ||| Stepping randomly (stuck).
   874 | D:3      | 874 ||| Stepping randomly (stuck).
   875 | D:3      | 875 ||| Stepping randomly (stuck).
   876 | D:3      | 876 ||| Stepping randomly (stuck).
   877 | D:3      | 877 ||| Stepping randomly (stuck).
   878 | D:3      | 878 ||| Stepping randomly (stuck).
   879 | D:3      | 879 ||| Stepping randomly (stuck).
   880 | D:3      | 880 ||| Stepping randomly (stuck).
   881 | D:3      | 881 ||| Stepping randomly (stuck).
   882 | D:3      | 882 ||| Stepping randomly (stuck).
   883 | D:3      | 883 ||| Stepping randomly (stuck).
   884 | D:3      | 884 ||| Stepping randomly (stuck).
   885 | D:3      | 885 ||| Stepping randomly (stuck).
   886 | D:3      | 886 ||| Stepping randomly (stuck).
   887 | D:3      | 887 ||| Stepping randomly (stuck).
   888 | D:3      | 888 ||| Stepping randomly (stuck).
   889 | D:3      | 889 ||| Stepping randomly (stuck).
   890 | D:3      | 890 ||| Stepping randomly (stuck).
   891 | D:3      | 891 ||| Stepping randomly (stuck).
   892 | D:3      | 892 ||| Stepping randomly (stuck).
   893 | D:3      | 893 ||| Stepping randomly (stuck).
   894 | D:3      | 894 ||| Stepping randomly (stuck).
   895 | D:3      | 895 ||| READING 2 scrolls of teleportation.
   900 | D:3      | 900 ||| FLEEEEING.
   901 | D:3      | 901 ||| STAIRDANCE
   995 | D:2      | 995 ||| DRINKING potion of curing.
   995 | D:2      | 995 ||| (to cure poison)
  1175 | D:2      | 1175 ||| DRINKING 2 coppery potions.
  1213 | D:3      | 1213 ||| STAIRDANCE
  1231 | D:3      | Reached skill level 5 in Ranged Weapons
  1235 | D:3      | 1235 ||| STAIRDANCE
  1344 | D:3      | 1344 ||| RETREEEEATING.
  1354 | D:3      | HP: 4/18 [orc/+0 club (2)]
  1355 | D:3      | 1355 ||| READING scroll of teleportation.
  1356 | D:3      | Slain by an orc

Levels and vault maps discovered:
D:1:      onia_arrival_mini_spirals, layout_basic, serial_forest,
          infiniplex_forest_straight_3, infiniplex_forest_straight_1,
          infiniplex_forest_lined_corner, infiniplex_forest_corner_1,
          infiniplex_forest_side_room, infiniplex_forest_end_1,
          palyth_stone_intersect
D:2:      layout_rooms, wander_ebering_terrifying_dragon_lair
D:3:      layout_rooms

Skill      XL: |  1  2  3 |
---------------+----------+-----
Dodging        | 3 4 |  4.1
Ranged Weapons | 5 |  5.0
Fighting       | |  1.5
Stealth        | |  1.5

Action                     || total
---------------------------++-------
   Fire: Shortbow          ||   107
    Use: Scroll            ||     7
         Potion            ||     2
 Armour: Robe              ||    16
  Dodge: Dodged            ||    47

Table legend:
 A = Non-vault XP
 B = Vault XP
 C = Vault XP percentage of total XP
 D = Non-vault monster count
 E = Vault monster count
 F = Vault count percentage of total count
                 A         B        C        D         E       F
            +---------+---------+-------+---------+---------+-------
      Total |      90 |       1 |   1.1 |      34 |       1 |   2.9
            +---------+---------+-------+---------+---------+-------
        D:1 |      19 |       0 |   0.0 |      12 |       0 |   0.0
        D:2 |      43 |       1 |   2.3 |      14 |       1 |   6.7
        D:3 |      28 |       0 |   0.0 |       8 |       0 |   0.0
            +---------+---------+-------+---------+---------+-------
